 Dungeon Crawl Stone Soup version 0.21.1-1-g345015f (webtiles) character file.

91 kae the Insei (level 4, -2/29 HPs)
             Began as an Octopode Transmuter on June 14, 2018.
             Slain by a centaur (10 damage)
             ... on level 2 of the Dungeon.
             The game lasted 00:01:20 (1920 turns).

kae the Insei (Octopode Transmuter)                 Turns: 1920, Time: 00:01:21

Health: -2/29      AC:  1    Str:  9    XL:     4   Next: 59%
Magic:  1/7        EV: 14    Int: 15    God:
Gold:   52         SH:  0    Dex: 13    Spells: 2/8 levels left

rFire    . . .     SeeInvis .     - Unarmed
rCold    . . .     Gourm    .   (no shield)
rNeg     . . .     Faith    .   (helmet restricted)
rPois    .         Spirit   .   (no amulet)
rElec    .         Reflect  .   (no ring)
rCorr    .         Harm     .   (no ring)
MR       .....                  (no ring)
Stlth    ++........             (no ring)
HPRegen  0.09/turn              (no ring)
MPRegen  0.10/turn              (no ring)
                                (no ring)
                                (no ring)

@: flying, very slightly contaminated
A: almost no armour, stealthy swim, amphibious, 8 rings, constrict 8, camouflage
1, gelatinous body 1
a: no special abilities


You were on level 2 of the Dungeon.
You were hungry.

You visited 1 branch of the dungeon, and saw 2 of its levels.

You collected 52 gold pieces.

Inventory:

Missiles
 a - 36 arrows
Scrolls
 e - 2 scrolls of identify
 f - a scroll of enchant weapon {unknown}
 j - a scroll of remove curse {unknown}
Potions
 d - 2 potions of curing
 i - a potion of heal wounds {unknown}
 k - a potion of agility {unknown}
Books
 b - a book of Changes

   Spells                             Type                      Level
   a - Beastly Appendage              Transmutation                1
   b - Sticks to Snakes               Transmutation                2
   c - Spider Form                    Transmutation/Poison         3
   d - Ice Form                       Ice/Transmutation            4
   e - Blade Hands                    Transmutation                5
Comestibles
 c - 3 rations


   Skills:
 + Level 1.9 Fighting
 + Level 2.5 Dodging
 * Level 3.8 Unarmed Combat
 + Level 2.5 Spellcasting
 + Level 2.5 Transmutations


You had 2 spell levels left.
You knew the following spells:

 Your Spells              Type           Power        Failure   Level  Hunger
a - Beastly Appendage     Tmut           #.....       8%          1    #......
b - Sticks to Snakes      Tmut           #.......     11%         2    ###....
c - Spider Form           Tmut/Pois      #.........   36%         3    ###....


Dungeon Overview and Level Annotations

Branches:
Dungeon (2/15)

Altars:

Annotations:
D:2 exclusion: centaur


Innate Abilities, Weirdness & Mutations

You cannot wear most types of armour.
You are very stealthy in the water. (Stealth+)
You are amphibious.
You can wear up to eight rings at the same time.
You can use your tentacles to constrict eight enemies at once.
Your skin changes colour to match your surroundings (Stealth+).
Your rubbery body absorbs attacks. (AC +1, EV +1)


Message History

Confirm with . or Enter, or press ? or * to list all spells.
You miscast Spider Form.
You are very lightly contaminated with residual magic.
You feel weak for a moment.
The centaur wields a shortbow.
The centaur shoots an arrow.
The arrow barely misses you.
Casting: Spider Form
Confirm with . or Enter, or press ? or * to list all spells.
You miscast Spider Form.
You feel a strange surge of energy!
The centaur shoots an arrow.
The arrow hits you!
The centaur shoots an arrow.
The arrow hits you!
* * * LOW HITPOINT WARNING * * *
Casting: Spider Form
Confirm with . or Enter, or press ? or * to list all spells.
You don't have enough magic to cast that spell.
The centaur unwields an uncursed shortbow.
The centaur barely misses you.
It was a potion of flight.
You feel very buoyant.
You fly up into the air.
The centaur hits you!
You die...

#.........#<#.#)
#.##.####.##.##. ####.##..#
#.##.### #.. ..##.# #.##'##
#### #.# ..##.# #.#...## ..#
#.##..##.###......# #.#
#.#.!..............
...####.###(#....####........
............@c......'........
..#.##)###.#....####........
#. #.# #.....## ##.......
#.###.##.# ###.### ##.....#
#........# #.# ##...##
##.###.### #.# ##.#'## #. #.#
#.# ##....# #.###.#
#.#######.....## #.....#
#..............#


You could see a centaur.

Vanquished Creatures
  A gnoll (D:1)
  2 adders (D:2)
  An ooze (D:1)
  2 worms (D:2)
  A dart slug (D:2)
  2 giant cockroaches (D:1)
  8 goblins
  7 hobgoblins
  4 jackals (D:1)
  A quokka (D:2)
  6 bats
  4 frilled lizards
  6 kobolds
  6 rats
51 creatures vanquished.

Notes
Turn   | Place    | Note
-------+----------+-------------------------------------------
     0 | D:1      | kae the Octopode Transmuter began the quest for the Orb.
     0 | D:1      | Reached XP level 1. HP: 13/13 MP: 3/3
   228 | D:1      | Reached XP level 2. HP: 18/18 MP: 5/5
   241 | D:1      | Learned a level 2 spell: Sticks to Snakes
   584 | D:1      | Reached XP level 3. HP: 22/23 MP: 6/6
   971 | D:2      | Reached XP level 4. HP: 25/29 MP: 7/7
  1511 | D:2      | Noticed a centaur
  1604 | D:2      | Learned a level 3 spell: Spider Form
  1920 | D:2      | Slain by a centaur

Action                   |  1- 3 |  4- 6 || total
-------------------------+-------+-------++-------
Melee: Unarmed           |    85 |    27 ||   112
       Constrict         |    22 |     9 ||    31
       Kick              |     7 |     7 ||    14
       Punch             |     3 |     2 ||     5
       Tentacles         |     9 |     4 ||    13
 Cast: Beastly Appendage |     9 |     9 ||    18
       Spider Form       |       |     1 ||     1
  Use: Scroll            |     1 |       ||     1
       Potion            |       |     1 ||     1
 Stab: Sleeping          |     7 |       ||     7
  Eat: Chunk             |       |     3 ||     3
Armor: Skin              |    10 |       ||    10
Dodge: Dodged            |    62 |    11 ||    73
